AoeStats
← Malelf

Arabia

507742605Analyzed
1v1 RM · 12d ago on Sep 19, 2026· 19m 11s· 2 players
Game mode
Random Map
Map size
Tiny (2 player)
Population
200
Speed
Normal
Resources
Standard
Victory
Conquest
Starting age
Dark Age
Ending age
Imperial Age
RankedLock teamsTeams togetherTeam positionsShared explorationLock speedFull tech treeHidden civsTurbo modeCheats
Victory
Defeat
🇮🇹 Mongols · Italy
1727
+12
🇳🇱 Muisca · Netherlands
1636
-12
GansGanssen
6:46 Loom
11:34 Feudal Age
11:38 Champi Runner
19:14 Town Watch
Malelf
16:46 Feudal Age
16:19 Loom
16:49 Man-at-Arms
17:19 Double-Bit Axe
17:23 Horse Collar
19:03 Scale Mail Armor
19:34 Arson
Connection lost

Rejoining the realm…

Still unreachable

The connection could not be restored.

Session expired

The server has moved on; the page needs a fresh start.